 Dungeon Crawl Stone Soup version 0.24-a0-537-g2d01d4a (webtiles) character file.

Game seed: 3527789433143135833

143 GlassEater the Covered (level 5, 0/42 HPs)
             Began as a Barachi Fighter on Aug 16, 2019.
             Succumbed to a kobold's poison
             ... on level 2 of the Dungeon.
             The game lasted 00:06:50 (2014 turns).

GlassEater the Covered (Barachi Fighter)            Turns: 2014, Time: 00:06:51

Health: 0/42       AC:  9    Str: 15 (18) XL:     5   Next: 25%
Magic:  5/5        EV: 12    Int: 10 (13) God:
Gold:   99         SH:  9    Dex: 14 (17) Spells: 4/4 levels left

rFire    . . .     SeeInvis .   a - +0 long sword
rCold    . . .     Gourm    .   c - +0 shield
rNeg     . . .     Faith    .   b - +0 scale mail
rPois    .         Spirit   .   g - +0 helmet
rElec    .         Reflect  .   o - +0 cloak
rCorr    .         Harm     .   (no gloves)
MR       .....                  (no boots)
Stlth    +.........             (no amulet)
HPRegen  0.14/turn              (no ring)
MPRegen  0.09/turn              (no ring)

@: brilliant, agile, lethally poisoned (0 -> -5), hasted, quick
A: +LOS, swims, slowness 1, strong legs 1
a: Hop


You were on level 2 of the Dungeon.
You were hungry.

You visited 1 branch of the dungeon, and saw 2 of its levels.

You collected 99 gold pieces.

Inventory:

Hand Weapons
 a - a +0 long sword (weapon)
Missiles
 i - 110 stones (quivered)
Armour
 b - a +0 scale mail (worn)
 c - a +0 shield (worn)
 g - a +0 helmet (worn)
 o - a +0 cloak (worn)
Jewellery
 e - an uncursed amulet of faith {unknown}
 k - an uncursed amulet of magic regeneration {unknown}
Scrolls
 h - a scroll of identify {unknown}
 j - a scroll of fear {unknown}
 m - 3 scrolls of enchant weapon {unknown}
 n - a scroll of remove curse {unknown}
 r - a scroll of blinking {unknown}
Potions
 d - 2 potions of might
 l - a potion of haste
 t - a potion of brilliance
Comestibles
 f - 3 rations
 p - 3 chunks of flesh


   Skills:
 + Level 4.2 Fighting
 + Level 4.1 Long Blades
 + Level 4.3 Armour
 + Level 1.1 Dodging
 + Level 4.3 Shields


You had 4 spell levels left.
You didn't know any spells.
Your spell library was empty.

Dungeon Overview and Level Annotations

Branches:
Dungeon (2/15)

Altars:


Innate Abilities, Weirdness & Mutations

Shadows flee at your approach. (+LOS)
You can swim through water.
You cover ground slowly.
You can hop short distances.


Message History

* * * LOW HITPOINT WARNING * * *
You feel sick.
Okay, then.
Okay, then.
* * * LOW HITPOINT WARNING * * *
You feel sick.
You are feeling hungry.
* * * LOW HITPOINT WARNING * * *
You feel sick.
* * * LOW HITPOINT WARNING * * *
You feel sick.
* * * LOW HITPOINT WARNING * * *
You feel sick.
* * * LOW HITPOINT WARNING * * *
You feel sick.
* * * LOW HITPOINT WARNING * * *
You feel sick.
* * * LOW HITPOINT WARNING * * *
You feel sick.
You die...

#.# ##.# #.# #.#
#.# #.# #.# #.#
#.# #..
#.################
#...)............#
################.#
#@# #.# #.# ...
#.# ###


There were no monsters in sight!

Vanquished Creatures
  An orc wizard (D:2)
  Robin (D:2)
  3 adders (D:2)
  An ooze (D:1)
  A worm (D:2)
  A dart slug (D:1)
  2 leopard geckos
  3 orcs (D:2)
  A bat (D:1)
  2 giant cockroaches
  12 goblins
  12 hobgoblins
  9 jackals (D:2)
  5 kobolds
  2 frilled lizards (D:1)
  5 rats
61 creatures vanquished.

Notes
Turn   | Place    | Note
-------+----------+-------------------------------------------
     0 | D:1      | GlassEater the Barachi Fighter began the quest for the Orb.
     0 | D:1      | Reached XP level 1. HP: 18/18 MP: 1/1
    41 | D:1      | Reached XP level 2. HP: 22/25 MP: 2/2
   457 | D:1      | Reached XP level 3. HP: 14/30 MP: 3/3
   980 | D:2      | Noticed Robin
  1219 | D:2      | Killed Robin
  1219 | D:2      | Reached XP level 4. HP: 30/37 MP: 4/4
  1598 | D:2      | Reached XP level 5. HP: 35/42 MP: 5/5
  1752 | D:2      | Reached skill level 1 in Dodging
  2009 | D:2      | HP: 2/42 [poisoned by a kobold]
  2014 | D:2      | Succumbed to a kobold's poison

Levels and vault maps discovered:
D:1:      minmay_arrival_cross, layout_loops_ring, serial_rivers,
          chequers_serial_rivers_micro_c, chequers_serial_rivers_marsh,
          chequers_serial_rivers_room_a, chequers_serial_rivers_small_b,
          chequers_serial_rivers_room_b
D:2:      layout_basic, first_ration, hex_large, tso_metal_star, uniq_robin

Skill      XL: |  1  2  3  4  5 |
---------------+----------------+-----
Fighting       | 4 |  4.2
Armour         | 4 |  4.3
Long Blades    | 3 4 |  4.1
Shields        | 4 |  4.3
Dodging        | 1 |  1.1

Action                   |  1- 3 |  4- 6 || total
-------------------------+-------+-------++-------
Melee: Long sword        |    97 |    94 ||   191
  Use: Potion            |       |     4 ||     4
  Eat: Chunk             |     1 |     3 ||     4
Armor: Scale mail        |    47 |    42 ||    89
Dodge: Dodged            |    44 |    35 ||    79
Block: Shield            |    65 |    57 ||   122
       Rpst.: Long sword |    12 |    11 ||    23

Table legend:
 A = Non-vault XP
 B = Vault XP
 C = Vault XP percentage of total XP
 D = Non-vault monster count
 E = Vault monster count
 F = Vault count percentage of total count
                 A         B        C        D         E       F
            +---------+---------+-------+---------+---------+-------
      Total |     173 |      32 |  15.6 |      50 |      11 |  18.0
            +---------+---------+-------+---------+---------+-------
        D:1 |      51 |       0 |   0.0 |      25 |       0 |   0.0
        D:2 |     122 |      32 |  20.8 |      25 |      11 |  30.6
            +---------+---------+-------+---------+---------+-------
